 Seeded DCSS version 0.30-a0-476-g330ca2eb8e (webtiles) character file.

Game seed: 16792993399291170163 (custom seed)

14870 purpskrrrp the Marksdemonspawn (level 11, 0/73 HPs)
             Began as a Demonspawn Hunter on Dec 22, 2022.
             Was an Initiate of Yredelemnul.
             Slain by a fire elemental (9 damage)
             ... led by Azrael
             ... on level 12 of the Dungeon.
             The game lasted 00:32:04 (10397 turns).

purpskrrrp the Marksdemonspawn (Demonspawn Hunter) Turns: 10397, Time: 00:32:04

Health: 0/73       AC:  8    Str: 19    XL:     11   Next: 94%
Magic:  0/11       EV: 12    Int: 16    God:    Yredelemnul [......]
Gold:   1141       SH:  0    Dex: 24    Spells: 10/10 levels left

rFire   . . .      SeeInvis .    C - +7 arbalest of Subjectivity {penet, Will+ Dex+4}
rCold   . . .      Faith    .    (shield currently unavailable)
rNeg    . . .      Spirit   +    c - +0 leather armour
rPois   .          Reflect  .    z - +0 helmet
rElec   .          Harm     .    (cloak unavailable)
rCorr   .          Rampage  .    (no gloves)
Will    +....                    e - +1 pair of boots {Stlth+}
Stlth   +++.......               m - amulet of guardian spirit
HPRegen 0.32/turn                k - +6 ring of intelligence
MPRegen 0.12/turn                x - +6 ring of strength

@: no status effects
A: icemail 1, spiny 1, sharp scales 2, condensation shield, weakness stinger 3
a: Renounce Religion, Recall Undead Harvest


You were on level 12 of the Dungeon.
You worshipped Yredelemnul.
Yredelemnul was noncommittal.
You visited 1 branch of the dungeon, and saw 12 of its levels.
You also visited: Bailey.

You collected 1246 gold pieces.
You spent 105 gold pieces at shops.

Inventory:

Hand Weapons
 a - a +0 shortbow
 l - a +4 triple crossbow of flaming
 C - the +7 arbalest of Subjectivity (weapon) {penet, Will+ Dex+4}
   (You acquired it on level 9 of the Dungeon)

   Any ammunition fired by it passes through the targets it hits, potentially
   hitting all targets in its path until it reaches maximum range.
   Dex:       It affects your dexterity (+4).
   Will:      It increases your willpower.
Missiles
 A - 14 datura-tipped darts
 B - 8 curare-tipped darts
 K - 3 throwing nets
Armour
 c - a +0 leather armour (worn)
 e - a +1 pair of boots of stealth (worn)
 z - a +0 helmet (worn)
Jewellery
 d - a ring of resist corrosion
 g - a ring of ice
 k - a +6 ring of intelligence (left hand)
 m - an amulet of guardian spirit (around neck)
 s - a ring of wizardry
 x - a +6 ring of strength (right hand)
Wands
 r - a wand of flame (27)
 y - a wand of iceblast (35)
 E - a wand of acid (4)
 G - a wand of polymorph (4)
 H - a wand of charming (12)
Scrolls
 b - 3 scrolls of immolation
 f - 4 scrolls of noise
 h - 3 scrolls of vulnerability
 j - 6 scrolls of teleportation
 n - 5 scrolls of poison
 o - 2 scrolls of magic mapping
 v - 2 scrolls of amnesia
 D - 2 scrolls of blinking
Potions
 i - 4 potions of might
 p - a potion of mutation
 q - 2 potions of haste
 t - 3 potions of attraction
 u - a potion of berserk rage
 w - a potion of flight
 F - a potion of curing
 I - a potion of brilliance
 J - a potion of resistance {unknown}


   Skills:
 + Level 2.4 Fighting
 + Level 17.7 Ranged Weapons
 - Level 1.7 Dodging
 - Level 0.8 Stealth


You had 10 spell levels left.
You didn't know any spells.
Your spell library contained the following spells:

 Spells                   Type           Power      Damage    Failure   Level
 Apportation              Tloc           0%         N/A       30%         1
 Necrotise                Necr           0%         1d4       30%         1
 Summon Small Mammal      Summ           0%         N/A       30%         1
 Ensorcelled Hibernation  Hex/Ice        0%         N/A       41%         2
 Passwall                 Tmut/Erth      0%         N/A       41%         2
 Static Discharge         Conj/Air       0%         2-2/arc   41%         2
 Call Canine Familiar     Summ           0%         N/A       65%         3
 Portal Projectile        Hex/Tloc       0%         N/A       65%         3
 Swiftness                Air            0%         N/A       65%         3
 Vhi's Electric Charge    Tloc/Air       0%         N/A       65%         3
 Leda's Liquefaction      Hex/Erth       0%         N/A       96%         4
 Summon Lightning Spire   Summ/Air       0%         N/A       96%         4
 Arcjolt                  Conj/Air       0%         1d10      100%        5
 Lightning Bolt           Conj/Air       0%         1d11      100%        5
 Storm Form               Tmut/Air       0%         N/A       100%        7
 Maxwell's Capacitive Co  Air            0%         ∞         100%        8


Dungeon Overview and Level Annotations

Branches:
Dungeon (12/15)            Temple (0/1) D:7            Lair (0/5) D:8
    Orc (0/2) D:9          Bailey (visited)

Altars:
Ashenzari
Cheibriados
Dithmenos
Fedhas
Gozag
Hepliaklqana
Kikubaaqudgha
Makhleb
Nemelex Xobeh
Okawaru
Ru
Sif Muna
Uskayaw
Yredelemnul

Shops:
D:5 (?

Annotations:
D:4 1 runed translucent door, xzight's ghost, amateur DEFE
D:7 2 transporters, NinjaNoafa's ghost, novice DjFE
D:12 Azrael


Innate Abilities, Weirdness & Mutations

A meltable icy envelope protects you from harm. (AC +0)
You are partially covered in sharp spines.
You are mostly covered in razor-sharp scales. (AC +2, Slay +2)
A meltable shield of frost defends you. (SH +0)
You have a sharp stinger which inflicts weakening toxins.


Message History

Your icy defenses dissipate!
You shoot a bolt.
The bolt pierces through the fire elemental but does no damage.
You hear a bark!
You shoot a bolt.
The bolt closely misses the fire elemental.
The bolt pierces through Azrael!
Azrael is moderately wounded.
You hear a bark!
A hell hound comes into view.
You shoot a bolt.
The bolt barely misses the fire elemental.
The bolt pierces through Azrael!!
Azrael is severely wounded.
The bolt pierces through the hell hound!!
You kill the hell hound!
You hear a bark!
The fire elemental hits you. The fire elemental burns you!
Fire: C) +7 arbalest of Subjectivity {penet, Will+ Dex+4}
Press: ? - help, Q - select action, (/) - cycle Shift-Dir - straight line, f - hell hound, p - fire elemental
Aim: a hell hound (flame, 68% to hit)
You shoot a bolt.
The bolt pierces through the fire elemental!
The fire elemental is moderately damaged.
The bolt pierces through Azrael!!
Azrael is almost dead.
The bolt pierces through the hell hound!
The hell hound is heavily wounded.
A hell hound comes into view.
The fire elemental hits you. The fire elemental burns you!
Azrael gestures at you.
The fireball explodes!
The fireball engulfs the fire elemental.
The fire elemental completely resists.
The fireball engulfs you!!
* * * LOW HITPOINT WARNING * * *
The fireball engulfs Azrael.
Azrael completely resists.
The fire elemental is struck by your spines.
The fire elemental hits you. The fire elemental burns you!
You die...
Your body rises from the dead as a mindless zombie.

##.......
#......# #<# #
#.# .### #.#
).h. #.#
####○.###
#.#####..Rh.)..
#.......E...#
#..####@## .#
#..###.Z.#..#
#..##..#.......
#..##.>..#..###
#.....#.....#
##.#........#
#.#..........
#............
#########..#.


You could see Azrael (distracted, ally target), a fire elemental, 2 hell hounds
and a friendly centaur zombie.

Vanquished Creatures
  Harold (D:8)
  Erica (D:9)
  2 two-headed ogres
  An orc knight (Bailey)
  An orc sorcerer (D:11)
  Maggie (D:9)
  2 unseen horrors
  A komodo dragon (D:9)
  2 trolls
  Prince Ribbit (D:9)
  6 hornets (D:11)
  2 wyverns
  A wraith (D:11)
  2 basilisks (D:8)
  14 yaks
  A steam dragon (D:8)
  An acid dragon (D:11)
  3 water moccasins
  A floating eye (D:11)
  A hell hound (D:12)
  9 orc warriors
  A sky beast (D:8)
  2 ice beasts (D:8)
  A black bear (D:5)
  6 centaurs
  2 ogres
  A phantom (D:5)
  7 kobold brigands
  2 bullfrogs
  7 wights
  6 killer bees (D:9)
  6 howler monkeys
  2 hounds (D:6)
  2 jellies
  9 orc priests
  A gnoll bouda (D:6)
  2 iguanas (D:5)
  7 orc wizards
  Robin (D:4)
  11 gnolls
  8 adders
  2 worms (D:2)
  26 orcs
  8 ball pythons
  4 bats
  5 endoplasms
  2 giant cockroaches (D:2)
  14 goblins
  11 hobgoblins
  5 jackals
  5 quokkas
  2 frilled lizards
  21 kobolds
  2 rats (D:1)
245 creatures vanquished.

Vanquished Creatures (collateral kills)
  2 yaks (D:10)
  A sky beast (D:7)
  2 centaurs
  A kobold brigand (D:7)
  3 killer bees (D:9)
  2 howler monkeys (D:10)
  A jelly (D:5)
  3 orc priests
  Jessica (D:3)
  An iguana (D:7)
  An adder (D:4)
  A gnoll (D:5)
  An ufetubus (D:4)
  4 orcs
  An endoplasm (D:4)
  8 kobolds
33 creatures vanquished.

Vanquished Creatures (others)
  A wyvern zombie (D:7)
  3 yak zombies
  A bullfrog zombie (D:9)
  A basilisk zombie (D:8)
  4 centaur zombies (D:11)
  5 killer bee zombies (D:9)
  A sky beast zombie (D:7)
  An ice beast zombie (D:8)
  5 howler monkey zombies
  2 iguana zombies (D:5)
  A gnoll zombie (D:6)
  2 endoplasm zombies (D:4)
  3 hobgoblin zombies (D:4)
  2 jackal zombies (D:5)
  11 kobold zombies
  18 orc zombies
  A withered plant (D:4)
62 creatures vanquished.

Grand Total: 340 creatures vanquished

Notes
Turn   | Place    | Note
-------+----------+-------------------------------------------
     0 | D:1      | purpskrrrp the Demonspawn Hunter began the quest for the
                  | Orb.
     0 | D:1      | Reached XP level 1. HP: 16/16 MP: 1/1
   128 | D:1      | Reached skill level 4 in Ranged Weapons
   271 | D:1      | Gained mutation: You are partially covered in razor-sharp
                  | scales. (AC +1, Slay +1) [demonic ancestry]
   271 | D:1      | Reached XP level 2. HP: 22/22 MP: 2/2
  1020 | D:2      | Gained mutation: You are mostly covered in razor-sharp
                  | scales. (AC +2, Slay +2) [demonic ancestry]
  1020 | D:2      | Reached XP level 3. HP: 27/27 MP: 3/3
  1020 | D:2      | Identified a scroll of acquirement
  1020 | D:2      | Acquired a +0 pair of boots of stealth
  1313 | D:2      | Reached skill level 5 in Ranged Weapons
  1460 | D:2      | Gained mutation: You have a small tail. [demonic ancestry]
  1460 | D:2      | Reached XP level 4. HP: 33/33 MP: 4/4
  1520 | D:2      | Found a faded altar of an unknown god.
  1634 | D:2      | Prayed at the altar of an unknown god.
  1634 | D:2      | Became a worshipper of Yredelemnul the Dark
  1634 | D:2      | Reached * piety under Yredelemnul
  2033 | D:3      | Noticed Jessica
  2035 | D:3      | Killed Jessica
  2406 | D:3      | Found a shadowy altar of Dithmenos.
  2410 | D:3      | Found an ancient bone altar of Kikubaaqudgha.
  2410 | D:3      | Found an iron altar of Okawaru.
  2418 | D:3      | Found a sparkling altar of Nemelex Xobeh.
  2421 | D:3      | Found a hide-covered altar of Uskayaw.
  2495 | D:3      | Acquired a +1 triple crossbow of flaming
  2526 | D:4      | Gained mutation: You have a tail ending in a sharp stinger.
                  | [demonic ancestry]
  2526 | D:4      | Reached XP level 5. HP: 36/38 MP: 5/5
  2595 | D:4      | Reached skill level 6 in Ranged Weapons
  2597 | D:4      | Noticed Robin
  2610 | D:4      | Killed Robin
  2784 | D:4      | Noticed an ogre
  2785 | D:4      | Killed an ogre
  2786 | D:4      | Gained mutation: A meltable shield of frost defends you.
                  | (SH +0) [demonic ancestry]
  2786 | D:4      | Reached XP level 6. HP: 44/44 MP: 6/6
  2914 | D:4      | Found a basalt altar of Yredelemnul.
  2957 | D:4      | Your ally Robin died
  2966 | D:4      | Found a runed translucent door.
  2966 | D:4      | Noticed xzight's ghost (amateur DEFE)
  3334 | D:4      | Reached skill level 7 in Ranged Weapons
  3409 | D:5      | Entered Level 5 of the Dungeon
  3409 | D:5      | Found Utyak's Magic Scroll Emporium.
  3416 | D:5      | Bought a scroll of enchant weapon for 105 gold pieces
  3574 | D:5      | Reached XP level 7. HP: 41/50 MP: 4/7
  3659 | D:5      | Reached skill level 8 in Ranged Weapons
  3760 | D:5      | Found Toxkas's Antique Weapon Shop.
  4494 | D:6      | Reached skill level 9 in Ranged Weapons
  4556 | D:6      | Gained mutation: You are partially covered in sharp spines.
                  | [demonic ancestry]
  4556 | D:6      | Reached XP level 8. HP: 46/56 MP: 6/8
  4847 | D:6      | Reached ** piety under Yredelemnul
  5040 | D:7      | Reached skill level 10 in Ranged Weapons
  5049 | D:7      | Found a staircase to the Ecumenical Temple.
  5065 | D:7      | Reached skill level 11 in Ranged Weapons
  5311 | D:7      | Found a transporter.
  5452 | D:7      | Gained mutation: You have a sharp stinger which inflicts
                  | weakening toxins. [demonic ancestry]
  5452 | D:7      | Reached XP level 9. HP: 50/61 MP: 7/9
  5524 | D:7      | Found a transporter.
  5697 | D:7      | Noticed a two-headed ogre
  5698 | D:7      | Noticed NinjaNoafa's ghost (novice DjFE)
  5858 | D:8      | Found a staircase to the Lair.
  5924 | D:8      | Found a flagged portal.
  5942 | Bailey   | Entered a bailey
  5963 | Bailey   | Reached skill level 12 in Ranged Weapons
  6183 | Bailey   | Noticed an orc knight
  6188 | Bailey   | Killed an orc knight
  6236 | Bailey   | Reached skill level 13 in Ranged Weapons
  6237 | Bailey   | Found a burning altar of Makhleb.
  6487 | D:8      | Reached XP level 10. HP: 49/67 MP: 8/10
  6636 | D:8      | Found a sacrificial altar of Ru.
  6984 | D:9      | Noticed Harold
  6991 | D:9      | HP: 1/67 [something (6)]
  6997 | D:8      | Killed Harold
  6998 | D:8      | Reached skill level 14 in Ranged Weapons
  7349 | D:9      | Noticed Erica
  7357 | D:9      | Killed Erica
  7507 | D:9      | Found a broken altar of Ashenzari.
  7507 | D:9      | Found a faded altar of an unknown god.
  7515 | D:9      | Found a shimmering blue altar of Sif Muna.
  7517 | D:9      | Found a faded altar of an unknown god.
  7519 | D:9      | Found a snail-covered altar of Cheibriados.
  7558 | D:9      | Found a staircase to the Orcish Mines.
  7558 | D:9      | Noticed Prince Ribbit
  7560 | D:9      | Noticed Maggie
  7561 | D:9      | Killed Prince Ribbit
  7562 | D:9      | Reached skill level 15 in Ranged Weapons
  7569 | D:9      | Killed Maggie
  7652 | D:9      | Found an opulent altar of Gozag.
  7725 | D:9      | Noticed a two-headed ogre
  7728 | D:9      | Killed a two-headed ogre
  8083 | D:9      | Gained mutation: A meltable icy envelope protects you from
                  | harm. (AC +0) [demonic ancestry]
  8083 | D:9      | Reached XP level 11. HP: 66/72 MP: 11/11
  8341 | D:9      | Found a hazy altar of Hepliaklqana.
  8575 | D:9      | Reached skill level 16 in Ranged Weapons
  8717 | D:9      | Acquired the +7 arbalest of Subjectivity {penet, Will+
                  | Dex+4}
  8720 | D:10     | Entered Level 10 of the Dungeon
  8756 | D:10     | Noticed a two-headed ogre
  8761 | D:10     | Killed a two-headed ogre
  8894 | D:10     | Reached *** piety under Yredelemnul
  8899 | D:10     | Reached **** piety under Yredelemnul
  8900 | D:10     | Reached ***** piety under Yredelemnul
  8947 | D:10     | Reached ****** piety under Yredelemnul
  9058 | D:10     | Found a burning altar of Makhleb.
  9125 | D:10     | Found a blossoming altar of Fedhas.
  9518 | D:11     | Reached skill level 17 in Ranged Weapons
  9889 | D:11     | Noticed an orc sorcerer
  9899 | D:11     | Killed an orc sorcerer
  9933 | D:11     | Paralysed by a hornet for 1 turns
 10392 | D:12     | Noticed Azrael
 10397 | D:12     | Slain by a fire elemental

Illustrated notes

Levels and vault maps discovered:
D:1:      lemuel_arrival_tunnels, layout_basic
D:2:      layout_basic, nicolae_ecumenical_lake_church, serial_forest,
          infiniplex_forest_clump_small, infiniplex_forest_clump_small,
          infiniplex_forest_straight_3, infiniplex_forest_straight_1,
          infiniplex_forest_lined_2
D:3:      layout_loops_corners, minmay_overflow_temple_star_hex, uniq_jessica
D:4:      layout_basic, yredelemnul_altar_generic, gammafunk_ghost_grave,
          uniq_robin
D:5:      layout_gridville, serial_shops, kennysheep_mini, abandoned_shop,
          nicolae_stop_n_shop_1
D:6:      layout_basic
D:7:      layout_cave_pools, minmay_temple_entry_offerings,
          gammafunk_ghost_arena
D:8:      layout_basic, mainiacjoe_overflow_24_doors, david_lair_generic,
          lightli_bailey_entry_fortress
D:9:      layout_stronghold, chequers_temple_overflow_minitemple,
          mainiacjoe_overflow_divided_tiny, minmay_orc_entry_temple_small,
          grunt_decor_junction, eino_jars, uniq_prince_ribbit1, uniq_harold,
          uniq_maggie, uniq_erica
D:10:     layout_loops_ring, dreamdust_divine_triumvirate, fedhas_altar_2,
          serial_glass, glass_columns_c, glass_columns_a, glass_columns_c,
          glass_columns_a, glass_columns_c, glass_columns_b, glass_columns_c,
          glass_columns_a, nrook_loot_triangle, david_defended_altar_orc
D:11:     hellmonk_paralyzer, layout_long_grid
D:12:     layout_loops_ring, uniq_azrael, uniq_snorg, uniq_jorgrun

Skill      XL: |  1  2  3  4  5  6  7  8  9 10 11 |
---------------+----------------------------------+-----
Ranged Weapons | 4 5 6 7 9 11 13 15 17 | 17.7
Fighting       | |  2.4
Dodging        | |  1.7
Stealth        | |  0.8

Action                   |  1- 3 |  4- 6 |  7- 9 | 10-12 || total
-------------------------+-------+-------+-------+-------++-------
 Fire: Shortbow          |    90 |    25 |       |       ||   115
       Triple crossbow   |       |    75 |   146 |   134 ||   355
       Arbalest          |       |       |       |    49 ||    49
  Use: Scroll            |     5 |    11 |     4 |     6 ||    26
       Potion            |       |       |     1 |     2 ||     3
Armor: Leather armour    |    11 |    21 |    14 |    30 ||    76
Dodge: Dodged            |    25 |    43 |    31 |    26 ||   125
Block: Other             |       |     7 |    14 |     7 ||    28

Table legend: (Time is in decaauts)
 A = Elapsed time spent in this place.
 B = Non-inter-level travel time spent in this place.
 C = Inter-level travel time spent in this place.
 D = Time resting spent in this place.
 E = Time spent auto-exploring this place.
 F = Levels seen in this place.
 G = Mean time per level.
                   A        B        C        D        E       F      G
               +--------+--------+--------+--------+--------+-----+--------+
         Total |  10712 |  10372 |    340 |   1278 |   7132 |  13 |  824.0 |
       Dungeon |  10292 |   9952 |    340 |   1075 |   7065 |  12 |  857.7 |
        Bailey |    419 |    419 |      0 |    202 |     66 |   1 |  419.0 |
               +--------+--------+--------+--------+--------+-----+--------+

Top non-repeatable levels by time:
     D:9: 1617 daAuts
     D:6: 1112 daAuts
     D:1: 984 daAuts
    D:11: 957 daAuts
     D:8: 951 daAuts
     D:4: 938 daAuts
     D:3: 875 daAuts
     D:5: 777 daAuts
    D:10: 721 daAuts
     D:2: 695 daAuts
     D:7: 635 daAuts
  Bailey: 419 daAuts
    D:12: 27 daAuts
